 Dungeon Crawl Stone Soup version 0.31-a0-232-gb1c03b2570 (webtiles) character file.

Game seed: 8762387885278353176

21 qw the Shooter (level 2, -1/24 HPs)
             Began as a Minotaur Hexslinger on July 7, 2023.
             Slain by a quokka (4 damage)
             ... on level 1 of the Dungeon.
             The game lasted 00:00:09 (398 turns).

qw the Shooter (Minotaur Hexslinger)                 Turns: 398, Time: 00:00:10

Health: -1/24      AC:  2    Str: 12    XL:     2   Next: 65%
Magic:  2/2        EV: 12    Int: 10    God:
Gold:   39         SH:  0    Dex: 12    Spells: 2/3 levels left

rFire   . . .        a - +1 sling
rCold   . . .        (no shield)
rNeg    . . .        c - +0 robe
rPois   .            (helmet restricted)
rElec   .            (no cloak)
rCorr   .            (no gloves)
SInv    .            (no boots)
Will    .....        (no amulet)
Stlth   +            (no ring)
HPRegen 0.24/turn    (no ring)
MPRegen 0.08/turn

%: no passive effects
@: no status effects
A: horns 2, retaliatory headbutt
a: no special abilities


You were on level 1 of the Dungeon.
You visited 1 branch of the dungeon, and saw 1 of its levels.

You collected 39 gold pieces.


Innate Abilities, Weirdness & Mutations

You have a pair of horns on your head.
You reflexively headbutt those who attack you in melee.


   Skills:
 - Level 2.0 Fighting
 + Level 3.2 Ranged Weapons
 - Level 2.1 Dodging
 - Level 1.0 Spellcasting
 - Level 2.0 Hexes


You had 2 spell levels left.
You knew the following spells:

 Your Spells              Type           Power      Damage    Failure   Level
a - Slow                  Hex            16%        N/A       16%         1

Your spell library contained the following spells:

 Spells                   Type           Power      Damage    Failure   Level
 Inner Flame              Hex/Fire       2%         N/A       56%         3
 Portal Projectile        Hex/Tloc       4%         N/A       56%         3
 Cause Fear               Hex            2%         N/A       83%         4

Inventory:

Hand Weapons
 a - a +1 sling (weapon)
Armour
 c - a +0 robe (worn)
Scrolls
 b - a scroll of poison
 d - 2 scrolls of teleportation {unknown}
 e - a scroll of revelation {unknown}
Potions
 f - a potion of haste {unknown}

Dungeon Overview and Level Annotations

Branches:
Dungeon (1/15)

Altars:


Message History

The quokka barely misses you. The quokka bites you.
You shoot a sling bullet.
The sling bullet completely misses the quokka.
The quokka barely misses you.
You shoot a sling bullet.
The sling bullet barely misses the quokka.
The quokka bites you. x2
You shoot a sling bullet.
The sling bullet barely misses the quokka.
The quokka barely misses you.
You shoot a sling bullet. The sling bullet hits the quokka.
The quokka is lightly wounded.
The quokka barely misses you. The quokka closely misses you.
You shoot a sling bullet.
The sling bullet barely misses the quokka.
The quokka closely misses you.
You shoot a sling bullet.
The sling bullet closely misses the quokka.
The quokka bites you. x2
A kobold comes into view. It is wielding a +0 short sword.
You shoot a sling bullet. The kobold shouts!
The sling bullet hits the quokka.
The quokka is moderately wounded.
You hear a bark!
The quokka barely misses you. You furiously retaliate!
You headbutt the quokka. You shoot a sling bullet.
The sling bullet completely misses the quokka.
The sling bullet hits the kobold.
You kill the kobold!
The quokka closely misses you. The quokka bites you.
You shoot a sling bullet. The sling bullet misses the quokka.
The quokka bites you.
You shoot a sling bullet.
The sling bullet completely misses the quokka.
The quokka bites you. The quokka misses you.
You shoot a sling bullet.
The sling bullet closely misses the quokka.
The quokka bites you.
You die...

#####.# ......# #####.#
#.# #.# #.# ### #.#
#########
....#.####.......#######
# #......'...%..@r)))..!
##.#####.......####...
#.# #.......# # #.#
#.....)(# ## #.#
#.......# .###.##
######### ......#
..###.## ..# #..#


You could see a quokka.

Vanquished Creatures
  2 dart slugs (D:1)
  2 endoplasms (D:1)
  A giant cockroach (D:1)
  4 goblins (D:1)
  A ball python (D:1)
  A frilled lizard (D:1)
  4 kobolds (D:1)
  2 rats (D:1)
17 creatures vanquished.

Notes
Turn   | Place    | Note
-------+----------+-------------------------------------------
     0 | D:1      | qw the Minotaur Hexslinger began the quest for the Orb.
     0 | D:1      | Reached XP level 1. HP: 16/16 MP: 1/1
     0 | D:1      | 0 ||| qw: Version: 0.3-a-46-gb1f654a
     0 | D:1      | 0 ||| qw: Game counter: 2449
     0 | D:1      | 0 ||| qw: Melee chars always use a shield: true
     0 | D:1      | 0 ||| qw: God list: Okawaru
     0 | D:1      | 0 ||| qw: Allow faded altars: false
     0 | D:1      | 0 ||| qw: Do Orc after clearing Dungeon:15 true
     0 | D:1      | 0 ||| qw: Do second Lair branch before Depths: true
     0 | D:1      | 0 ||| qw: Lair rune preference: random
     0 | D:1      | 0 ||| qw: Goals: Normal
     0 | D:1      | 0 ||| PLANNING D:1-11
   161 | D:1      | Reached skill level 3 in Ranged Weapons
   177 | D:1      | Reached XP level 2. HP: 18/23 MP: 2/2
   293 | D:1      | 293 ||| FLEEEEING.
   396 | D:1      | HP: 3/24 [quokka (4)]
   398 | D:1      | Slain by a quokka

Levels and vault maps discovered:
D:1:      dpeg_arrival_prison, layout_basic

Skill      XL: |  1  2 |
---------------+-------+-----
Ranged Weapons | 3 |  3.2
Fighting       | 2 |  2.0
Dodging        | |  2.1
Spellcasting   | |  1.0
Hexes          | |  2.0

Action                     || total
---------------------------++-------
   Fire: Sling             ||    50
 Armour: Robe              ||     2
  Dodge: Dodged            ||    14

Table legend:
 A = Non-vault XP
 B = Vault XP
 C = Vault XP percentage of total XP
 D = Non-vault monster count
 E = Vault monster count
 F = Vault count percentage of total count
                 A         B        C        D         E       F
            +---------+---------+-------+---------+---------+-------
      Total |      29 |       2 |   6.5 |      16 |       1 |   5.9
            +---------+---------+-------+---------+---------+-------
        D:1 |      29 |       2 |   6.5 |      16 |       1 |   5.9
            +---------+---------+-------+---------+---------+-------
